 Dungeon Crawl Stone Soup version 0.16.2-2-g470672f (webtiles) character file.

86 poirepourri the Chopper (level 4, 0/44 HPs)
             Began as a Deep Dwarf Berserker on Aug 21, 2015.
             Was a Believer of Trog.
             Slain by a gnoll
             ... wielding a cursed -3 spear
              (2 damage)
             ... on level 2 of the Dungeon.
             The game lasted 00:02:22 (924 turns).

poirepourri the Chopper (Deep Dwarf Berserker)       Turns: 924, Time: 00:02:23

Health: 0/44       AC:  2    Str: 21    XL:     4   Next: 27%
Magic:  4/4        EV: 13    Int:  8    God:    Trog [**....]
Gold:   135        SH:  0    Dex: 12    Spells: 0 memorised, 3 levels left

rFire  . . .     SeeInvis .     a - +0 hand axe
rCold  . . .     Clarity  .     b - +0 animal skin
rNeg   . . .     SustAb   .     (no shield)
rPois  .         Gourm    .     (no helmet)
rElec  .         Spirit   .     (no cloak)
rCorr  .         Warding  .     (no gloves)
rMut   .         Stasis   .     (no boots)
MR     .....                    (no amulet)
Stlth  +.........               (no ring)
                                (no ring)

@: exhausted, non-regenerating, slowed, very slow, not resistant to hostile
enchantments, very unstealthy
A: damage resistance, recharge devices, sense surroundings 1, slow healing 3
a: Device Recharging, Burn Spellbooks, Berserk, Trog's Hand, Renounce Religion


You were on level 2 of the Dungeon.
You worshipped Trog.
Trog was pleased with you.
You were near starving.

You visited 1 branch of the dungeon, and saw 2 of its levels.

You collected 135 gold pieces.

Inventory:

Hand weapons
 a - a +0 hand axe (weapon)
Armour
 b - a +0 animal skin (worn)
Magical devices
 c - a wand of heal wounds (7)
Potions
 e - a potion of poison {unknown}
 f - a potion of curing
 j - 2 potions of mutation
Comestibles
 d - a bread ration
 g - a meat ration
 k - a royal jelly
 m - a slice of pizza


   Skills:
 * Level 3.8 Fighting
 + Level 3.8 Axes
 + Level 2.2 Armour
 + Level 3.1 Dodging
 + Level 0.3 Stealth
 + Level 0.4 Evocations


You had 3 spell levels left.
You didn't know any spells.

Dungeon Overview and Level Annotations

Branches:
Dungeon (2/15)

Altars:
Gozag
Zin


Innate Abilities, Weirdness & Mutations

You are resistant to damage.
You can recharge devices by infusing magical energy.
You passively map a small area around you.
You do not heal naturally.


Message History

The gnoll is almost dead.
The gnoll barely misses you.
You barely miss the gnoll.
The gnoll is almost dead.
You barely miss the gnoll.
The gnoll is almost dead.
The gnoll completely misses you.
You barely miss the gnoll.
The gnoll is almost dead.
The gnoll closely misses you.
You barely miss the gnoll.
The gnoll is almost dead.
You barely miss the gnoll.
The gnoll is almost dead.
You are no longer berserk.
You are exhausted.
You feel yourself slow down.
You are near starving!
The gnoll hits you with a spear.
You die...

....#.####.#.......#..#.........#
...........#.......##.#..#.####.#
....#.#######......##...........#
....#>#...........###..##..#....#
#####.#.#######)#####...#..<....#
# #...##............#.#.......# #
######.#####.######.........# # *
#)# ##.#.##.... # #.#####@#####
#......... # #.....)g....#
##..##.... # #...........#
#..##.... #...........# #..##....
#...........# ##.##....
#...........# #>##....
#...........# ####.... ,
............ ##### * ######....


You could see a gnoll.

Vanquished Creatures
  An adder (D:2)
  3 gnolls (D:2)
  3 worms (D:2)
  3 giant geckos (D:2)
  3 bats
  A goblin (D:1)
  6 hobgoblins
  A quokka (D:2)
  2 giant newts
  4 kobolds
  7 rats
34 creatures vanquished.

Notes
Turn   | Place    | Note
--------------------------------------------------------------
     0 | D:1      | poirepourri, the Deep Dwarf Berserker, began the quest for the Orb.
     0 | D:1      | Reached XP level 1. HP: 20/20 MP: 1/1
   253 | D:1      | Reached XP level 2. HP: 24/28 MP: 2/2
   474 | D:2      | Reached XP level 3. HP: 12/34 MP: 3/3
   533 | D:2      | Acquired Trog's second power
   754 | D:2      | Found a glowing silver altar of Zin.
   755 | D:2      | Found an opulent altar of Gozag.
   908 | D:2      | Reached XP level 4. HP: 25/44 MP: 4/4
   916 | D:2      | HP: 3/66 [gnoll/spear (5)]
   924 | D:2      | Slain by a gnoll

Action                   |  1- 3 |  4- 6 || total
-------------------------+-------+-------++-------
Melee: Hand axe          |   127 |    14 ||   141
Invok: Trog's Hand       |     3 |       ||     3
       Berserk           |     1 |       ||     1
Evoke: Wand              |     2 |       ||     2
  Use: Scroll            |     5 |       ||     5
       Potion            |     2 |       ||     2
